 Dungeon Crawl Stone Soup version 0.31-a0-774-g0d66cbabe8 (webtiles) character file.

Game seed: 10701550237534484106

225705 DocEon the Slayer (level 19, -2/198 HPs)
             Began as a Hill Orc Monk on Sept 17, 2023.
             Was the Champion of Okawaru.
             Slain by a wolf spider (5 damage)
             ... on level 3 of the Spider Nest.
             The game lasted 01:07:46 (45926 turns).

DocEon the Slayer (Hill Orc Monk)                  Turns: 45926, Time: 01:07:47

Health: -2/198     AC: 23    Str: 24    XL:     19   Next: 33%
Magic:  40/40      EV: 17    Int: 10    God:    Okawaru [******]
Gold:   2457       SH:  0    Dex: 15    Spells: 18/18 levels left

rFire   + . .        a - +6 broad axe of Bankruptcy {protect, Will- MP+9 SInv Stlth-}
rCold   + . .        (no shield)
rNeg    + + .        p - +0 swamp dragon scales
rPois   +            i - +1 hat of Fetisugo {rN+ Regen+}
rElec   +            V - +2 cloak {Will+}
rCorr   .            I - +1 pair of gloves "Odghiu Toreu" {+Inv rN+ Will+}
SInv    +            w - +0 pair of boots {Stlth+}
Will    ++...        y - amulet of faith
Stlth   +            M - ring "Suisesma" {rElec rC+ EV+5 Str+4}
HPRegen 1.33/turn    f - ring of protection from fire
MPRegen 0.27/turn

%: faith
@: lethally poisoned (-2 -> -2), studying 2 skills
A: see invisible
}: 1/15 runes: decaying
a: Renounce Religion, Evoke Invisibility, Heroism, Finesse, Duel


You were on level 3 of the Spider Nest.
You worshipped Okawaru.
Okawaru was exalted by your worship.
You visited 7 branches of the dungeon, and saw 32 of its levels.
You also visited: Sewer and Volcano.

You collected 2985 gold pieces.
You spent 528 gold pieces at shops.

Inventory:

Hand Weapons
 a - the +6 broad axe of Bankruptcy (weapon) {protect, Will- MP+9 SInv Stlth-}
   (You bought it in a shop on level 2 of the Orcish Mines)

   Will-:     It decreases your willpower.
   MP+9:      It affects your magic capacity (+9).
   SInv:      It lets you see invisible.
   Stlth-:    It makes you less stealthy.
 b - a +0 hand axe of flaming
 x - a +2 eveningstar of holy wrath
 T - a +0 broad axe
Missiles
 s - 45 poisoned darts (quivered)
 v - 3 throwing nets
Armour
 i - the +1 hat of Fetisugo (worn) {rN+ Regen+}
   (Okawaru gifted it to you on level 2 of the Elven Halls)

   rN+:       It protects you from negative energy.
   Regen+:    It increases your rate of health regeneration.
 p - +0 swamp dragon scales (worn)
 w - a +0 pair of boots of stealth (worn)
 I - the +1 pair of gloves "Odghiu Toreu" (worn) {+Inv rN+ Will+}
   (Okawaru gifted it to you on level 5 of the Lair of Beasts)

   rN+:       It protects you from negative energy.
   Will+:     It increases your willpower.
   +Inv:      It lets you turn invisible.
 R - a +3 plate armour of fire resistance
 V - a +2 cloak of willpower (worn)
Jewellery
 d - the amulet "Taokedgh" {Reflect Harm rCorr MP+9 Str+2 SH+5}
   (You found it on level 1 of the Swamp)

   [amulet of reflection]

   Reflect:   It reflects blocked missile attacks.
   Str+2:     It affects your strength (+2).
   MP+9:      It affects your magic capacity (+9).
   rCorr:     It protects you from acid and corrosion.
   SH+5:      It affects your SH (+5).
   Harm:      It increases damage dealt and taken.
 f - a ring of protection from fire (right hand)
 y - an amulet of faith (around neck)
 D - a ring of positive energy
 F - a ring of willpower
 M - the ring "Suisesma" (left hand) {rElec rC+ EV+5 Str+4}
   (You acquired it on level 11 of the Dungeon)

   [ring of evasion]

   EV+5:      It affects your evasion (+5).
   Str+4:     It affects your strength (+4).
   rC+:       It protects you from cold.
   rElec:     It insulates you from electricity.
 W - a +4 ring of protection
 X - a +4 ring of slaying
 Y - the ring of the Noxious Mango {Fly rCorr Str+6}
   (You found it on level 1 of the Elven Halls)

   [ring of strength]

   Str+6:     It affects your strength (+6).
   Fly:       It grants you flight.
   rCorr:     It protects you from acid and corrosion.
Wands
 z - a wand of iceblast (19)
 C - a wand of paralysis (1)
 E - a wand of digging (33)
 G - a wand of flame (88)
 H - a wand of mindburst (33)
 K - a wand of light (9)
Scrolls
 c - 5 scrolls of vulnerability
 j - 12 scrolls of teleportation
 l - a scroll of revelation
 m - a scroll of silence
 n - a scroll of torment
 o - 8 scrolls of enchant armour
 t - 2 scrolls of amnesia
 N - 18 scrolls of identify
 S - 6 scrolls of fog
 Z - 2 scrolls of poison
Potions
 e - 7 potions of curing
 g - a potion of heal wounds
 h - 5 potions of magic
 k - 2 potions of invisibility
 q - 2 potions of resistance
 r - 5 potions of enlightenment
 u - 5 potions of haste
 A - 3 potions of brilliance
 B - 6 potions of might
 L - 6 potions of mutation
 O - 13 potions of ambrosia
 Q - 4 potions of lignification
 U - a potion of berserk rage


   Skills:
 * Level 23.9 Fighting
 - Level 18.0 Axes
 * Level 21.9 Armour
 - Level 2.4 Dodging
 * Level 8.3 Shields
 - Level 16.2 Invocations


You had 18 spell levels left.
You didn't know any spells.
Your spell library contained the following spells:

 Spells                   Type           Power      Damage    Failure   Level
 Foxfire                  Conj/Fire      0%         2x1d4     43%         1
 Freeze                   Ice            0%         1d3       43%         1
 Kiss of Death            Conj/Necr      0%         2d5       43%         1
 Shock                    Conj/Air       0%         1d3       43%         1
 Blink                    Tloc           0%         N/A       58%         2
 Cigotuvi's Dreadful Rot  Necr/Pois/Air  0%         N/A       58%         2
 Ensorcelled Hibernation  Hex/Ice        0%         N/A       58%         2
 Jinxbite                 Hex            0%         N/A       58%         2
 Lesser Beckoning         Tloc           0%         N/A       58%         2
 Momentum Strike          Conj/Tloc      0%         3d8       58%         2
 Poisonous Vapours        Pois/Air       0%         N/A       58%         2
 Searing Ray              Conj           0%         2d4       58%         2
 Wereblood                Tmut           0%         N/A       58%         2
 Confusing Touch          Hex            0%         N/A       82%         3
 Frozen Ramparts          Ice            0%         1d1       82%         3
 Hailstorm                Conj/Ice       0%         3d3       82%         3
 Mephitic Cloud           Conj/Pois/Air  0%         N/A       82%         3
 Ozocubu's Armour         Ice            0%         N/A       82%         3
 Swiftness                Air            0%         N/A       82%         3
 Airstrike                Air            0%         2d(0-16)  99%         4
 Anguish                  Hex/Necr       0%         N/A       99%         4
 Dispel Undead            Necr           0%         3d6       99%         4
 Manifold Assault         Tloc           0%         N/A       99%         4
 Passage of Golubria      Tloc           0%         N/A       99%         4
 Vhi's Electric Charge    Tloc/Air       0%         N/A       99%         4
 Arcjolt                  Conj/Air       0%         1d10      100%        5
 Freezing Cloud           Conj/Ice/Air   0%         6-21      100%        5
 Irradiate                Conj/Tmut      0%         3d11      100%        5
 Yara's Violent Unravell  Hex/Tmut       0%         3d3       100%        5
 Dispersal                Tloc           0%         N/A       100%        6
 Plasma Beam              Fire/Air       0%         2x1d10    100%        6
 Starburst                Conj/Fire      0%         6d3       100%        6
 Ozocubu's Refrigeration  Ice            0%         4d7       100%        7
 Borgnjor's Revivificati  Necr           0%         N/A       100%        8
 Disjunction              Tloc           0%         N/A       100%        8
 Death's Door             Necr           0%         N/A       100%        9
 Call Imp                 Summ           Unusable   N/A       N/A         2
 Tukima's Dance           Hex            Unusable   N/A       N/A         3
 Death Channel            Necr           Unusable   N/A       N/A         6
 Haunt                    Necr/Summ      Unusable   N/A       N/A         7

Dungeon Overview and Level Annotations

Branches:
Dungeon (15/15)            Temple (1/1) D:4            Lair (5/5) D:9
  Swamp (4/4) Lair:3       Spider (3/4) Lair:3        Slime (0/5) Lair:5
    Orc (2/2) D:10            Elf (2/3) Orc:2        Vaults (0/5) D:14
 Depths (0/4) D:15          Sewer (visited)         Volcano (visited)

Altars:
Ashenzari
Cheibriados
Dithmenos
Elyvilon
Fedhas
Gozag
Hepliaklqana
Kikubaaqudgha
Makhleb
Nemelex Xobeh
Okawaru
Qazlal
Ru
Sif Muna
Trog
Uskayaw
Vehumet
Wu Jian
Xom
Yredelemnul
Zin
The Shining One

Shops:
D:1 [   D:6 [   D:12 *   Orc:2 (![=   Elf:2 ?

Annotations:
D:3 3 runed translucent doors, jakob's ghost, weakling DsNe
Lair:2 3 runed translucent doors, Jeek's ghost, journeyman GnBe
Lair:5 3 runed translucent doors, ooooo's ghost, journeyman OpCj
Elf:1 1 runed translucent door, Skeral's ghost, adept TrSh


Innate Abilities, Weirdness & Mutations

You have supernaturally acute eyesight. (SInv)


Message History

You feel very sick.
The wolf spider attacks as it pursues you!
The wolf spider hits you!
* * * LOW HITPOINT WARNING * * *
The wolf spider barely misses you.
The meliai calls down the wrath of its god upon you.
Something smites you!
* * * LOW HITPOINT WARNING * * *
You feel sick.
The meliai mumbles some strange prayers to its god against you.
Something smites you!
* * * LOW HITPOINT WARNING * * *
The wolf spider hits you but does no damage.
The wolf spider misses you.
The jumping spider leaps!
You feel sick.
The wolf spider attacks as it pursues you!
The wolf spider hits you.
* * * LOW HITPOINT WARNING * * *
The wolf spider bites you but does no damage.
You feel sick.
The meliai mumbles some strange prayers to its god against you.
Something smites you!
* * * LOW HITPOINT WARNING * * *
The wolf spider closely misses you. The wolf spider barely misses you.
Okay, then.
Okay, then.
You feel sick.
The meliai invokes the aid of its god against you.
Something smites you!
* * * LOW HITPOINT WARNING * * *
You feel sick.
The wolf spider hits you but does no damage.
The wolf spider barely misses you.
There is a stone staircase leading up here.
You feel sick. The meliai barely misses you.
The meliai stings you but does no damage.
The wolf spider hits you.
* * * LOW HITPOINT WARNING * * *
The wolf spider bites you.
You die...

...#.......# #.s.s....°
#..#....†.^# ##ss......
#..........# ##.#......
#..#†......# ##.s###..[.
#..........# ######sB##
#%.. ....†......##
##..ss.### ...
.....†...#..# #y..#### ..
..####.##..^# ##y.## ..
..# #####..####@s## ..#
#######....[###
..###............########
.###...########.#........
##...### #^#########
....## ### .#### ## ##


You could see a wolf spider, an orb spider, a redback and 2 meliai.

Vanquished Creatures
  the Lernaean hydra (Swamp:4)
  Arachne (Spider:2)
  Rupert (D:13)
  Jorgrun (Orc:1)
  Mlioglotl (Swamp:1)
  A deep elf blademaster (Elf:2)
  3 thorn hunters
  Frances (D:12)
  Aizul (Lair:3)
  A deep elf sorcerer (Elf:1)
  An emperor scorpion (Spider:2)
  Louise (Spider:2)
  The ghost of Aqenwou the Unseen, a journeyman GrWn of Dithmenos (D:15)
  7 eleionomae
  A stone giant (D:15)
  2 deep elf demonologists (Elf:2)
  3 bunyips
  3 spark wasps
  2 dire elephants (Lair:5)
  A crystal guardian (D:15)
  A shambling mangrove (Swamp:2)
  2 entropy weavers
  19 alligators
  Erolcha (D:10)
  16 hydras
  5 vault guards (D:14)
  A sphinx zombie (D:15)
  A catoblepas (Lair:5)
  A radroach (Spider:3)
  3 death yaks (Lair:5)
  4 ghost crabs
  6 centaur warriors
  3 two-headed ogres
  9 boulder beetles
  2 sphinx skeletons (D:15)
  A tengu warrior (D:13)
  26 dancing weapons
  Urug (Lair:1)
  12 demonic crawlers
  3 orc high priests (Orc:2)
  12 deep elf knights
  A skyshark (Lair:4)
  A hell knight (Volcano)
  7 spriggans
  5 goliath frogs
  5 pharaoh ants
  4 orb spiders (Spider:1)
  A salamander mystic (Volcano)
  2 spriggan druids
  16 swamp dragons
  3 bog bodies
  4 orc knights (Orc:2)
  2 lindwurms (Lair:5)
  4 deep elf archers
  5 steelbarb worms
  24 deep elf pyromancers
  A necromancer (D:15)
  18 wolf spiders
  A moth of wrath (Spider:1)
  4 salamanders (Volcano)
  4 orc sorcerers
  6 will-o-the-wisps
  7 cyclopes
  18 deep elf zephyrmancers
  4 manticores
  13 ugly things
  2 black mambas (Lair:5)
  6 elephants (Lair:5)
  Maurice (D:11)
  A gargoyle (D:10)
  2 molten gargoyles (Volcano)
  13 cane toads
  3 torpor snails
  2 unseen horrors (D:10)
  A rime drake (Lair:3)
  3 kobold demonologists (D:12)
  2 tengu conjurers
  2 efreet
  A yaktaur (D:14)
  A troll (shapeshifter) (Elf:2)
  10 komodo dragons
  11 meliai
  8 hornets
  2 polar bears
  12 tarantellas
  A queen bee (Spider:3)
  6 trolls
  2 bloated husks
  12 tyrant leeches
  17 blink frogs
  13 dream sheep
  Sigmund (D:4)
  4 slime creatures (D:13)
  A centaur simulacrum (D:15)
  A wraith (D:10)
  21 jumping spiders
  A wyvern (shapeshifter) (D:15)
  A vampire (D:11)
  7 basilisks
  A spriggan (shapeshifter) (D:15)
  2 shadows (D:12)
  2 air elementals (Elf:1)
  33 yaks
  14 culicivoras
  2 fire bats (Volcano)
  5 wyverns
  A hog (shapeshifter) (D:15)
  2 water elementals
  A steam dragon (D:8)
  46 redbacks
  2 wargs (Orc:2)
  13 vampire mosquitoes
  13 swamp worms
  2 acid dragons
  9 water moccasins
  An ice beast (D:6)
  5 swamp drakes (Swamp:4)
  3 sky beasts
  2 black bears
  6 ogres
  20 orc warriors
  5 wolves
  16 centaurs
  3 phantoms
  6 kobold brigands
  8 bullfrogs
  4 gnoll sergeants
  5 necrophages (Lair:2)
  4 earth elementals
  6 scorpions
  12 wights
  26 killer bees
  9 electric eels
  7 howler monkeys
  2 lava snakes (Volcano)
  3 quasits (D:5)
  2 hounds
  21 orc priests
  A jelly (D:7)
  A gnoll bouda (D:9)
  5 iguanas
  11 hell rats
  34 orc wizards
  32 gnolls
  11 adders
  3 river rats (Sewer)
  2 shadow imps
  2 white imps (D:5)
  4 ufetubi (D:5)
  5 worms
  3 dart slugs
  66 orcs
  11 ball pythons
  16 bats
  9 endoplasms
  10 giant cockroaches
  13 hobgoblins
  7 jackals
  2 quokkas
  10 frilled lizards
  6 goblins
  40 kobolds
  6 rats
1128 creatures vanquished.

Vanquished Creatures (others)
  An eleionoma (Swamp:3)
  A tyrant leech (Swamp:3)
  2 bloated husks (Swamp:4)
  33 foxfires
37 creatures vanquished.

Grand Total: 1165 creatures vanquished

Notes
Turn   | Place    | Note
-------+----------+-------------------------------------------
     0 | D:1      | DocEon the Hill Orc Monk began the quest for the Orb.
     0 | D:1      | Reached XP level 1. HP: 19/19 MP: 1/1
    73 | D:1      | Reached XP level 2. HP: 26/26 MP: 2/2
   171 | D:1      | Reached skill level 5 in Axes
   441 | D:1      | Reached XP level 3. HP: 30/31 MP: 3/3
   464 | D:1      | Found Tommeotti's Armour Boutique.
  1333 | D:2      | Reached XP level 4. HP: 39/39 MP: 4/4
  1920 | D:3      | Found a shadowy altar of Dithmenos.
  1966 | D:3      | Found a runed translucent gate.
  2427 | D:3      | Found a runed translucent gate.
  2427 | D:3      | Found a runed translucent gate.
  2428 | D:3      | Found an opulent altar of Gozag.
  2429 | D:3      | Noticed a water moccasin
  2430 | D:3      | Noticed jakob's ghost (weakling DsNe)
  2534 | D:3      | Reached XP level 5. HP: 38/45 MP: 5/5
  2739 | D:3      | Found a glowing silver altar of Zin.
  2959 | D:4      | Found a staircase to the Ecumenical Temple.
  2968 | Temple   | Entered the Ecumenical Temple
  3000 | Temple   | Became a worshipper of Warmaster Okawaru
  3000 | Temple   | Reached * piety under Okawaru
  3000 | Temple   | Reached ** piety under Okawaru
  3082 | Temple   | Reached skill level 1 in Invocations
  3187 | D:4      | Noticed a black bear
  3213 | D:4      | Killed a black bear
  3214 | D:4      | Reached XP level 6. HP: 19/51 MP: 5/7
  3222 | D:4      | Noticed Sigmund
  3262 | D:4      | Gained mutation: You have supernaturally acute eyesight.
                  | (SInv) [potion of mutation]
  3267 | D:4      | Killed Sigmund
  3268 | D:4      | Reached XP level 7. HP: 24/57 MP: 5/9
  3330 | D:4      | Found a glowing golden altar of the Shining One.
  3396 | D:4      | Found a glowing drain.
  3413 | Sewer    | Entered a sewer
  4415 | D:4      | Reached skill level 10 in Axes
  5364 | D:4      | Reached skill level 5 in Invocations
  5774 | D:5      | Entered Level 5 of the Dungeon
  5855 | D:5      | Reached XP level 8. HP: 33/64 MP: 8/11
  5925 | D:5      | Noticed a wyvern
  5943 | D:5      | Killed a wyvern
  5943 | D:5      | Reached *** piety under Okawaru
  6074 | D:5      | Found a bloodstained altar of Trog.
  6096 | D:5      | Found a burning altar of Makhleb.
  6498 | D:5      | Found a snail-covered altar of Cheibriados.
  7398 | D:6      | Found a basalt altar of Yredelemnul.
  7410 | D:6      | Reached XP level 9. HP: 62/71 MP: 12/12
  7422 | D:6      | Reached skill level 1 in Armour
  7515 | D:6      | Reached skill level 4 in Fighting
  7698 | D:6      | Found Anairuakk's Armour Emporium.
  7724 | D:6      | Reached **** piety under Okawaru
  8241 | D:6      | Reached skill level 5 in Fighting
  8719 | D:6      | Found a sacrificial altar of Ru.
  8757 | D:6      | Found a hazy altar of Hepliaklqana.
  8771 | D:6      | Found an ornate altar of the Wu Jian Council.
  9322 | D:7      | Reached skill level 6 in Fighting
  9604 | D:7      | Found a stormy altar of Qazlal.
  9694 | D:7      | Reached XP level 10. HP: 43/84 MP: 14/14
  9994 | D:7      | Reached skill level 5 in Armour
 10047 | D:7      | Reached skill level 7 in Fighting
 10453 | D:8      | Noticed a two-headed ogre
 10481 | D:8      | Killed a two-headed ogre
 10481 | D:8      | Reached ***** piety under Okawaru
 11199 | D:8      | Identified the +5 quarterstaff "Zeil" {elec, rF+ rC+ Will+
                  | Stlth+}
 11274 | D:8      | Reached skill level 8 in Fighting
 12140 | D:9      | Reached skill level 15 in Axes
 12151 | D:9      | HP: 3/81 [wight/+0 battleaxe (3)]
 12330 | D:9      | Reached skill level 9 in Fighting
 12507 | D:9      | Found a staircase to the Lair.
 12533 | D:9      | Reached XP level 11. HP: 60/97 MP: 17/17
 12851 | D:10     | Entered Level 10 of the Dungeon
 12971 | D:10     | Found a staircase to the Orcish Mines.
 12987 | D:10     | Received a gift from Okawaru
 13265 | D:10     | Found a broken altar of Ashenzari.
 13810 | D:10     | Noticed Erolcha
 13826 | D:10     | Killed Erolcha
 13827 | D:10     | Reached skill level 10 in Fighting
 13961 | D:10     | Found a hide-covered altar of Uskayaw.
 13999 | D:10     | Found a shimmering blue altar of Sif Muna.
 14590 | D:11     | Noticed a two-headed ogre
 14600 | D:11     | Killed a two-headed ogre
 14871 | D:11     | Found a sparkling altar of Nemelex Xobeh.
 14946 | D:11     | Noticed Maurice
 15454 | D:11     | Noticed a boulder beetle
 15472 | D:11     | Killed a boulder beetle
 15961 | D:11     | Identified a scroll of acquirement
 15990 | D:11     | Acquired the ring "Suisesma" {rElec rC+ EV+5 Str+4}
 16110 | D:11     | Killed Maurice
 16110 | D:11     | Received a gift from Okawaru
 16446 | Orc:1    | Entered Level 1 of the Orcish Mines
 16454 | Orc:1    | Reached skill level 11 in Fighting
 16588 | Orc:1    | Noticed Jorgrun
 16669 | Orc:1    | Noticed a cyclops
 16690 | Orc:1    | Killed a cyclops
 16691 | Orc:1    | Reached XP level 12. HP: 46/110 MP: 19/19
 16693 | Orc:1    | Killed Jorgrun
 16693 | Orc:1    | Reached ****** piety under Okawaru
 16694 | Orc:1    | Reached skill level 10 in Armour
 17336 | Orc:2    | Entered Level 2 of the Orcish Mines
 17339 | Orc:2    | Noticed a two-headed ogre
 17360 | Orc:1    | Killed a two-headed ogre
 17360 | Orc:1    | Received a gift from Okawaru
 17446 | Lair:1   | Entered Level 1 of the Lair of Beasts
 17588 | Lair:1   | Reached skill level 12 in Fighting
 17588 | Lair:1   | Reached skill level 10 in Invocations
 17883 | Lair:1   | Noticed a seven-headed hydra
 17901 | Lair:1   | Killed a seven-headed hydra
 18268 | Lair:1   | Noticed Urug
 18291 | Lair:1   | Killed Urug
 19813 | Lair:2   | Reached skill level 13 in Fighting
 20155 | Lair:2   | Received a gift from Okawaru
 20223 | Lair:2   | Reached XP level 13. HP: 120/122 MP: 21/21
 20631 | Lair:2   | Found a runed translucent gate.
 20632 | Lair:2   | Found a runed translucent gate.
 20632 | Lair:2   | Found a runed translucent gate.
 20634 | Lair:2   | Noticed Jeek's ghost (journeyman GnBe)
 21024 | Lair:3   | Found a hole to the Spider Nest.
 21474 | Lair:3   | Reached skill level 14 in Fighting
 21898 | Lair:3   | Identified the +9 scale mail of a wizard's laboratory {rF-
                  | Str+4 Int+3} (Okawaru gifted it to you on level 3 of the
                  | Lair of Beasts)
 21898 | Lair:3   | Received a gift from Okawaru
 22057 | Lair:3   | Found a staircase to the Swamp.
 22354 | Lair:4   | Found a dark tunnel.
 22365 | Volcano  | Entered a volcano
 22682 | Volcano  | Found a burning altar of Makhleb.
 23937 | Lair:4   | Reached skill level 15 in Fighting
 24375 | Lair:5   | Entered Level 5 of the Lair of Beasts
 24575 | Lair:5   | Found a runed translucent gate.
 24576 | Lair:5   | Found a runed translucent gate.
 24577 | Lair:5   | Found a runed translucent gate.
 24579 | Lair:5   | Noticed ooooo's ghost (journeyman OpCj)
 24584 | Lair:5   | Noticed a minotaur
 24606 | Lair:5   | Found a staircase to the Slime Pits.
 24658 | Lair:5   | Reached XP level 14. HP: 108/135 MP: 23/23
 24862 | Lair:5   | Identified the +1 pair of gloves "Odghiu Toreu" {+Inv rN+
                  | Will+} (Okawaru gifted it to you on level 5 of the Lair of
                  | Beasts)
 24862 | Lair:5   | Received a gift from Okawaru
 25687 | Lair:5   | Noticed a dire elephant
 26083 | Lair:5   | Killed a dire elephant
 26334 | Lair:5   | Noticed a dire elephant
 26349 | Lair:5   | Killed a dire elephant
 26350 | Lair:5   | Reached skill level 16 in Fighting
 26595 | Lair:5   | Identified the +8 orcbow of Brawling {antimagic, rF- Str+7
                  | Dex+4}
 26970 | Orc:2    | Found a staircase to the Elven Halls.
 27349 | Orc:2    | Received a gift from Okawaru
 27610 | Orc:2    | Paralysed by an orc sorcerer for 5 turns
 28603 | Orc:2    | Found Waif's Jewellery Shoppe.
 28603 | Orc:2    | Found Gearemn's Antique Weapon Shop.
 28624 | Orc:2    | Found Otumuic's Armour Shoppe.
 28624 | Orc:2    | Found Ixej's Distillery.
 28637 | Orc:2    | Bought a slimy broad axe for 297 gold pieces
 28637 | Orc:2    | Identified the +6 broad axe of Bankruptcy {protect, Will-
                  | MP+9 SInv Stlth-} (You bought it in a shop on level 2 of
                  | the Orcish Mines)
 28883 | D:12     | Received a gift from Okawaru
 29029 | D:12     | Reached skill level 15 in Armour
 29394 | D:12     | Found Ypsitred's CLEARANCE SALE!.
 29513 | D:12     | Bought a +2 cloak of willpower for 129 gold pieces
 29528 | D:12     | Noticed Frances
 29540 | D:12     | Killed Frances
 29541 | D:12     | Reached XP level 15. HP: 132/146 MP: 25/25
 29983 | D:13     | Reached skill level 17 in Fighting
 30210 | D:13     | You fall into a shaft and drop 2 floors!
 30210 | D:15     | Entered Level 15 of the Dungeon
 30305 | D:15     | Received a gift from Okawaru
 30408 | D:15     | Found a runed translucent gate.
 30409 | D:15     | Found a runed translucent gate.
 30409 | D:15     | Noticed Aqenwou's ghost (journeyman GrWn)
 30411 | D:15     | Found a runed translucent gate.
 30446 | D:15     | Found a staircase to the Depths.
 30935 | D:13     | Noticed Rupert
 30954 | D:13     | Killed Rupert
 31225 | D:14     | Found a shadowy altar of Dithmenos.
 31318 | D:14     | Identified the +1 great sword of Yjisefux {chaos, rCorr}
                  | (Okawaru gifted it to you on level 14 of the Dungeon)
 31318 | D:14     | Received a gift from Okawaru
 31990 | D:14     | Reached skill level 18 in Fighting
 32438 | D:14     | Identified the +4 battleaxe of the Eternal Void {elec,
                  | rN++} (Okawaru gifted it to you on level 14 of the Dungeon)
 32438 | D:14     | Received a gift from Okawaru
 32671 | D:14     | Found a gate to the Vaults.
 32945 | D:15     | Found a blossoming altar of Fedhas.
 33051 | D:15     | Killed Aqenwou's ghost
 33070 | D:15     | Identified the +8 morningstar of Currency {heavy, rN+
                  | Stlth+}
 33373 | D:15     | Reached XP level 16. HP: 122/159 MP: 27/27
 33633 | D:15     | Received a gift from Okawaru
 33946 | Elf:1    | Entered Level 1 of the Elven Halls
 34038 | Elf:1    | Reached skill level 15 in Invocations
 34113 | Elf:1    | Reached skill level 19 in Fighting
 34259 | Elf:1    | Paralysed by an air elemental for 1 turns
 34358 | Elf:1    | Identified the ring of the Noxious Mango {Fly rCorr Str+6}
 34599 | Elf:1    | Found a runed translucent door.
 34599 | Elf:1    | Found a shimmering altar of Xom.
 34599 | Elf:1    | Noticed Skeral's ghost (adept TrSh)
 35146 | Elf:1    | You fall into a shaft and drop 1 floor!
 35147 | Elf:2    | Noticed a deep elf blademaster
 35288 | Elf:1    | Got curling book
 35422 | Elf:2    | Found a runed translucent gate.
 35422 | Elf:2    | Found a runed translucent gate.
 35422 | Elf:2    | Found a runed translucent gate.
 35426 | Elf:2    | Received a gift from Okawaru
 36145 | Elf:2    | Reached skill level 1 in Shields
 36171 | Elf:2    | Found Veptipus's Magic Scroll Emporium.
 36380 | Elf:2    | Bought a scroll of teleportation for 51 gold pieces
 36380 | Elf:2    | Bought a scroll of teleportation for 51 gold pieces
 36412 | Elf:2    | Identified the +1 hat of Fetisugo {rN+ Regen+} (Okawaru
                  | gifted it to you on level 2 of the Elven Halls)
 36412 | Elf:2    | Received a gift from Okawaru
 36910 | Elf:2    | Reached skill level 20 in Fighting
 37046 | Elf:2    | Reached XP level 17. HP: 170/170 MP: 29/29
 37301 | Elf:2    | Reached skill level 5 in Shields
 37348 | Elf:2    | Killed a deep elf blademaster
 37348 | Elf:2    | Received a gift from Okawaru
 37924 | Swamp:1  | Entered Level 1 of the Swamp
 38040 | Lair:3   | Received a gift from Okawaru
 38120 | Swamp:1  | Identified the +2 cloak "Fameppexy" {Drain rElec MP+9}
                  | (Okawaru gifted it to you on level 1 of the Swamp)
 38120 | Swamp:1  | Received a gift from Okawaru
 38204 | Swamp:1  | Noticed Aizul
 38251 | Lair:3   | Killed Aizul
 38628 | Swamp:1  | Identified the amulet "Taokedgh" {Reflect Harm rCorr MP+9
                  | Str+2 SH+5}
 38765 | Swamp:1  | Noticed Mlioglotl
 38778 | Swamp:1  | Killed Mlioglotl
 38779 | Swamp:1  | Reached skill level 21 in Fighting
 40340 | Swamp:3  | Received a gift from Okawaru
 40473 | Swamp:3  | Reached XP level 18. HP: 178/184 MP: 30/30
 40932 | Swamp:4  | Entered Level 4 of the Swamp
 41094 | Swamp:4  | Reached skill level 22 in Fighting
 41251 | Swamp:4  | Identified the +2 sling of Rotten Forgiveness {flame,
                  | Dex+3}
 41536 | Swamp:4  | Noticed the 27-headed Lernaean hydra
 41561 | Swamp:4  | Killed the 18-headed Lernaean hydra
 41796 | Swamp:4  | Got a decaying rune of Zot
 42420 | Spider:1 | Entered Level 1 of the Spider Nest
 42663 | Spider:1 | Identified the +0 ring mail of the Kraken {Contam Harm rC+
                  | Will+} (Okawaru gifted it to you on level 1 of the Spider
                  | Nest)
 42663 | Spider:1 | Received a gift from Okawaru
 42833 | Spider:1 | Reached skill level 23 in Fighting
 43810 | Spider:2 | Noticed Louise
 44020 | Spider:2 | Killed Louise
 44199 | Spider:2 | Reached XP level 19. HP: 195/195 MP: 31/31
 44334 | Spider:2 | Identified the +2 buckler "Unlut" {Rampage rC- Str+7}
                  | (Okawaru gifted it to you on level 2 of the Spider Nest)
 44334 | Spider:2 | Received a gift from Okawaru
 45360 | Spider:3 | Noticed Arachne
 45436 | Spider:3 | HP: 2/198 [Arachne/staff of poison (10)]
 45450 | Spider:2 | Killed Arachne
 45924 | Spider:3 | HP: 4/198 [meliai/divine providence (11)]
 45926 | Spider:3 | Slain by a wolf spider

Illustrated notes

Levels and vault maps discovered:
D:1:      spicycebolla_arrival_xxxplode, layout_loops_cross, serial_shops,
          nicolae_shop_hallway_plus
D:2:      layout_loops_ring
D:3:      minmay_octagon_keep, layout_basic, mainiacjoe_overflow_24_doors,
          zin_academy, ebering_ghost_gozag, dreamdust_mushroom_princess
D:4:      layout_cave_pods, tso_oasis_becter, minmay_temple_entry_mini_moons,
          cheibrodos_sewer_entry_drain, minmay_misc_feat_ornament, uniq_sigmund
D:5:      layout_basic, mainiacjoe_overflow_boulevard, lemuel_crystal_altar,
          old_standard_altar, serial_demonic, serial_demonic_c,
          serial_demonic_f, serial_demonic_b, serial_demonic_f,
          serial_demonic_b, serial_demonic_g, amcnicky_mini_corridor_feature
D:6:      layout_basic, nicolae_ru_path_of_blood,
          mainiacjoe_overflow_surrounded_room, lemuel_crystal_altar,
          mainiacjoe_overflow_six_doors_small, serial_shops, nicolae_shop_trees
D:7:      layout_loops_ring, old_standard_altar
D:8:      layout_rooms, serial_bayou_pond_d
D:9:      layout_loops_cross, david_lair_shrubbed, serial_glass,
          glass_columns_a, glass_columns_a, minmay_strange_pillars
D:10:     layout_small_grid, mainiacjoe_overflow_paths, led_sif_book,
          eat_drink_and_be_merry_uskayaw, david_orc_2, library_closet,
          minmay_misc_feat_square, uniq_erolcha
D:11:     layout_basic, nemelex_spade_bored_becter, uniq_maurice
D:12:     layout_rooms, serial_bayou, serial_bayou_ford_a, serial_bayou_pond_a,
          serial_bayou_pond_c, serial_bayou_pond_a, nicolae_shop_clearance,
          uniq_frances
D:13:     layout_irregular_city, uniq_rupert
D:14:     layout_basic, grunt_vaults_entry_fortified, roderic_cross_of_infinity,
          nicolae_dithmenos_shadow_blocks
D:15:     grunt_enter_depths_giant_problem, layout_basic, fedhas_altar_2,
          gammafunk_ghost_split, drop_trap, minmay_misc_feat_diagonals
Temple:   hellmonk_temple_rainy
Lair:1:   layout_layer_cave, infiniplex_staircase_pool, uniq_urug
Lair:2:   layout_gridlike, gammafunk_ghost_necromancy,
          chequers_serial_rivers_micro_e, serial_bayou_pond_c,
          chequers_serial_rivers_micro_a, nicolae_quartered_pool_medium,
          roderic_carrion_pond, grunt_megastairs_4, serial_bayou_shore_a
Lair:3:   layout_roguey, minmay_swamp_entry_worms,
          nicolae_spider_entry_non_spiders
Lair:4:   layout_regular_city, nicolae_volcano_entry_hallway
Lair:5:   hangedman_lair_in_review, layout_cave_pods, slime_entry_1,
          maelrawn_ghost_gauntlet_escape, serial_bayou_shore_b,
          lemuel_fruit_tree
Swamp:1:  layout_falls_marsh, evilmike_swamp_ruin_house_3, swamp_pool1,
          hangedman_swamp_grove, uniq_mlioglotl, uniq_aizul
Swamp:2:  nicolae_swamp_wrong_neighborhood, layout_basic_swamp,
          hangedman_swamp_ruin_wall, swamp_pool1, nicolae_swamp_alligator_family
Swamp:3:  layout_basic_swamp, hangedman_swamp_lotus, nicolae_swamp_little_swirl
Swamp:4:  swamp_old_school, layout_basic_swamp, infiniplex_staircase_pool_2
Spider:1: layout_spider_delve, nicolae_spider_nook
Spider:2: cheibrodos_forgotten_conduit, nicolae_spider_stair_cavern, uniq_louise
Spider:3: layout_cave_pods, special_room [special_room_bee],
          nicolae_spider_checkerboard, uniq_arachne
Orc:1:    layout_caves, uniq_jorgrun
Orc:2:    grunt_orc_tribal_feast, layout_diamond_mine, nicolae_orc_tapped_out
Elf:1:    nicolae_elf_arrival_fired_up, layout_loops_corners, ebering_ghost_xom,
          minmay_elf_sorcery, serial_sigils_hangedman_quiver
Elf:2:    elven_hall_of_blades_hangedman_original [nicolae_blade_bullseye],
          layout_onion_city, serial_shops, shop

Skill      XL: |  1  2  3  4  5  6  7  8  9 10 11 12 13 14 15 16 17 18 19 |
---------------+----------------------------------------------------------+-----
Axes           | 5 6 7 8 9 10 14 15 16 17 18 | 18.0
Invocations    | 2 3 5 6 8 9 10 12 13 14 16 | 16.2
Armour         | 4 7 9 11 13 15 16 18 20 21 | 21.9
Fighting       | 6 9 11 13 15 16 18 20 21 23 | 23.9
Shields        | 4 5 8 |  8.3
Dodging        | |  2.4

Action                     |  1- 3 |  4- 6 |  7- 9 | 10-12 | 13-15 | 16-18 | 19-21 || total
---------------------------+-------+-------+-------+-------+-------+-------+-------++-------
  Melee: Hand axe          |    97 |   156 |   594 |       |     7 |   134 |       ||   988
         War axe           |       |       |    28 |   626 |   684 |       |       ||  1338
         Quarterstaff      |       |       |       |    35 |       |       |       ||    35
         Flail             |       |       |       |    11 |     7 |       |       ||    18
         Broad axe         |       |       |       |       |   419 |  1283 |   336 ||  2038
         Punch             |       |       |       |       |       |       |     6 ||     6
  Throw: Boomerang         |       |       |     6 |     1 |       |       |       ||     7
         Dart              |       |       |       |    40 |     3 |       |       ||    43
 Invoke: Heroism           |       |     2 |     7 |     8 |     6 |     6 |     2 ||    31
         Finesse           |       |       |       |       |     2 |     2 |       ||     4
  Evoke: Wand              |       |       |     2 |    19 |     3 |     2 |       ||    26
    Use: Scroll            |     1 |     5 |     5 |    11 |    10 |     4 |     2 ||    38
         Potion            |       |     1 |     5 |     2 |     1 |     6 |     6 ||    21
   Stab: Petrified         |       |       |       |       |     5 |       |       ||     5
 Armour: Robe              |    21 |       |       |       |       |       |       ||    21
         Ring mail         |    36 |   107 |   373 |   194 |       |       |       ||   710
         Plate armour      |       |       |       |   384 |   731 |   592 |       ||  1707
         Chain mail        |       |       |       |     9 |   140 |       |       ||   149
         Swamp dragon scal |       |       |       |       |       |   846 |   374 ||  1220
  Dodge: Dodged            |    64 |    94 |   354 |   358 |   601 |   993 |   422 ||  2886
  Block: Buckler           |       |       |       |       |       |   395 |    22 ||   417

Table legend: (Time is in decaauts)
 A = Elapsed time spent in this place.
 B = Non-inter-level travel time spent in this place.
 C = Inter-level travel time spent in this place.
 D = Time resting spent in this place.
 E = Time spent auto-exploring this place.
 F = Levels seen in this place.
 G = Mean time per level.
                   A        B        C        D        E       F      G
               +--------+--------+--------+--------+--------+-----+--------+
         Total |  45247 |  43426 |   1821 |  12692 |  22473 |  34 | 1330.8 |
       Dungeon |  20610 |  19642 |    968 |   5434 |  11107 |  15 | 1374.0 |
        Temple |    108 |    108 |      0 |     68 |      0 |   1 |  108.0 |
          Lair |   8856 |   8587 |    269 |   2744 |   4697 |   5 | 1771.2 |
         Swamp |   4184 |   3965 |    219 |    914 |   2115 |   4 | 1046.0 |
   Spider Nest |   3156 |   3098 |     58 |    761 |   1416 |   3 | 1052.0 |
  Orcish Mines |   2494 |   2297 |    197 |    853 |    932 |   2 | 1247.0 |
   Elven Halls |   3766 |   3658 |    108 |   1447 |   1305 |   2 | 1883.0 |
         Sewer |   1120 |   1120 |      0 |    188 |    525 |   1 | 1120.0 |
       Volcano |    949 |    949 |      0 |    280 |    374 |   1 |  949.0 |
               +--------+--------+--------+--------+--------+-----+--------+

Top non-repeatable levels by time:
  Lair:5: 2292 daAuts
  Lair:1: 2290 daAuts
    D:10: 2040 daAuts
   Elf:2: 1985 daAuts
    D:11: 1902 daAuts
  Lair:3: 1841 daAuts
   Elf:1: 1780 daAuts
     D:6: 1762 daAuts
    D:14: 1730 daAuts
     D:9: 1701 daAuts
   Orc:2: 1596 daAuts
     D:4: 1588 daAuts
     D:5: 1547 daAuts
 Swamp:4: 1415 daAuts
Spider:1: 1381 daAuts
